 Dungeon Crawl Stone Soup version 0.26-a0-30-g56b8cd3df0 (webtiles) character file.

Game seed: 16286918174914008019, levelgen mode: deterministic

189289 Esekla the Thaumaturge (level 17, -5/128 HPs)
             Began as a Demonspawn Wanderer on May 27, 2020.
             Was the Champion of Vehumet.
             Slain by a water elemental (10 damage)
             ... on level 3 of the Shoals on May 28, 2020.
             The game lasted 07:54:38 (37276 turns).

Esekla the Thaumaturge (Demonspawn Wanderer)       Turns: 37276, Time: 07:54:39

Health: -5/128     AC: 25    Str:  8    XL:     17   Next: 50%
Magic:  33/34      EV: 14    Int: 25    God:    Vehumet [******]
Gold:   832        SH: 12    Dex: 17    Spells: 2/43 levels left

rFire    + . .     SeeInvis +   l - +5 long sword
rCold    + . .     Gourm    .   B - +2 kite shield {reflect}
rNeg     . . .     Faith    .   o - +4 troll leather armour
rPois    +         Spirit   .   u - +0 helmet
rElec    .         Reflect  +   y - +2 cloak {Stlth+}
rCorr    .         Harm     .   D - +1 pair of gloves {Dex+3}
MR       +....                  n - +0 pair of boots
Stlth    +++++.....             O - amulet of regeneration
HPRegen  1.11/turn              V - ring of Xiohoed {+Blink AC+4 Stlth+}
MPRegen  0.24/turn              X - ring "Nuukh" {+Blink rPois rC+ Int+3}

@: engulfed (cannot breathe)
A: hooves 2, molten scales 3, camouflage 1, see invisible, demonic guardian 3,
mutation resistance 1, powered by death 2, robust 1, weak 1
}: 1/15 runes: serpentine
a: Renounce Religion, Evoke Blink


You were on level 3 of the Shoals.
You worshipped Vehumet.
Vehumet was exalted by your worship.
You were not hungry.

You visited 6 branches of the dungeon, and saw 31 of its levels.

You collected 3019 gold pieces.
You spent 2187 gold pieces at shops.

Inventory:

Hand Weapons
 e - a +2 rapier of electrocution
 l - a +5 long sword (weapon)
 t - a +4 trident
 v - a +4 dagger of venom
 R - a +1 vampiric battleaxe
Missiles
 z - 5 curare-tipped darts (quivered)
 G - 15 silver javelins
 K - 33 poisoned darts
Armour
 n - a +0 pair of boots (worn)
 o - a +4 troll leather armour (worn)
 u - a +0 helmet (worn)
 y - a +2 cloak of stealth (worn)
 B - a +2 kite shield of reflection (worn)
 D - a +1 pair of gloves of dexterity (worn)
 W - a +2 leather armour of cold resistance
Jewellery
 A - an uncursed amulet of the acrobat
 C - an uncursed ring of ice
 O - an amulet of regeneration (around neck)
 V - the ring of Xiohoed (left hand) {+Blink AC+4 Stlth+}
   (You bought it in a shop on level 7 of the Dungeon)

   [ring of protection]

   It affects your AC (+4).
   It lets you blink.
   It makes you more stealthy.
 X - the ring "Nuukh" (right hand) {+Blink rPois rC+ Int+3}
   (You found it on level 6 of the Lair of Beasts)

   [ring of protection from cold]

   It affects your intelligence (+3).
   It protects you from cold.
   It protects you from poison.
   It lets you blink.
Wands
 a - a wand of iceblast (12)
 i - a wand of digging (5)
 E - a wand of paralysis (19)
 F - a wand of polymorph (21)
 L - a wand of acid (18)
 S - a wand of flame (29)
 T - a wand of clouds (7)
 U - a wand of disintegration (29)
Scrolls
 c - 22 scrolls of remove curse
 d - 7 scrolls of amnesia
 g - 10 scrolls of teleportation
 m - 7 scrolls of fog
 s - 3 scrolls of blinking
 H - a scroll of fear
 I - 3 scrolls of magic mapping
 Z - 5 scrolls of identify
Potions
 b - 6 potions of flight
 h - 6 potions of haste
 j - 2 potions of heal wounds
 k - 5 potions of magic
 p - 8 potions of cancellation
 q - 3 potions of might
 r - 2 potions of ambrosia
 x - 4 potions of curing
 J - a potion of resistance
 M - 8 potions of brilliance
 N - 3 potions of lignification
 P - 8 potions of stabbing
 Q - 4 potions of invisibility
 Y - a potion of berserk rage
Miscellaneous
 w - a lightning rod (4/4)
Comestibles
 f - 54 rations


   Skills:
 + Level 6.1 Fighting
 + Level 5.1(6.6) Short Blades
 * Level 6.3(7.2) Long Blades
 + Level 3.0 Axes
 + Level 6.2 Armour
 + Level 6.0 Dodging
 + Level 5.5 Stealth
 + Level 7.2 Shields
 * Level 13.7 Spellcasting
 * Level 9.4 Conjurations
 + Level 6.8 Charms
 + Level 6.6 Summonings
 * Level 8.2 Fire Magic
 + Level 9.4 Ice Magic
 + Level 9.2 Air Magic
 + Level 5.6 Earth Magic
 + Level 5.5 Poison Magic
 + Level 4.9 Evocations


You had 2 spell levels left.
You knew the following spells:

 Your Spells              Type           Power        Failure   Level  Hunger
a - Airstrike             Air            ######....   1%          4    None
c - Freezing Cloud        Conj/Ice/Air   ######....   11%         6    #####..
d - Lee's Rapid Deconstr  Erth           #####.....   10%         5    ##.....
e - Searing Ray           Conj           ######       1%          2    None
l - Summon Lightning Spi  Summ/Air       ######..     4%          4    None
r - Frozen Ramparts       Ice            ######       1%          3    None
s - Song of Slaying       Chrm           ######..     1%          2    None
v - Poisonous Vapours     Pois/Air       ######       1%          2    None
w - Swiftness             Chrm/Air       ######..     1%          2    None
x - Olgreb's Toxic Radia  Pois           #####...     3%          4    None
y - Sticky Flame          Conj/Fire      ######..     1%          4    None
z - Ozocubu's Armour      Chrm/Ice       ######..     1%          3    None

Your spell library contained the following spells:

 Spells                   Type           Power        Failure   Level  Hunger
 Chain Lightning          Conj/Air       ######....   98%         8    #######
 Absolute Zero            Ice            ######....   100%        9    #######
 Fire Storm               Conj/Fire      ######....   100%        9    #######
 Foxfire                  Conj/Fire      ####         1%          1    None
 Freeze                   Ice            ####         1%          1    None
 Infusion                 Chrm           ####         1%          1    None
 Shock                    Conj/Air       ####         1%          1    None
 Summon Small Mammal      Summ           ####         1%          1    None
 Call Imp                 Summ           ######..     1%          2    None
 Ensorcelled Hibernation  Hex/Ice        #####.       2%          2    None
 Shroud of Golubria       Chrm/Tloc      ####..       4%          2    None
 Animate Skeleton         Necr           N/A          13%         1    None
 Pain                     Necr           ###.         13%         1    None
 Blink                    Tloc           N/A          19%         2    None
 Conjure Flame            Conj/Fire      ######..     1%          3    None
 Inner Flame              Hex/Fire       #####...     1%          3    None
 Static Discharge         Conj/Air       ######..     1%          3    None
 Hailstorm                Conj/Ice       ######..     1%          4    None
 Call Canine Familiar     Summ           ######..     2%          3    None
 Fireball                 Conj/Fire      ######....   2%          5    ##.....
 Lightning Bolt           Conj/Air       ######....   2%          5    ##.....
 Summon Ice Beast         Ice/Summ       ######..     4%          4    None
 Spectral Weapon          Hex/Chrm       ####....     10%         3    None
 Summon Guardian Golem    Hex/Summ       ####....     10%         3    None
 Gell's Gravitas          Tloc           ###.......   36%         3    None
 Lesser Beckoning         Tloc           ###.......   36%         3    None
 Teleport Other           Tloc           ###.....     36%         3    None
 Vampiric Draining        Necr           ###.......   36%         3    None
 Silence                  Hex/Air        #####.....   47%         5    ##.....
 Borgnjor's Vile Clutch   Necr/Erth      ####......   73%         5    ##.....
 Animate Dead             Necr           N/A          77%         4    None
 Passage of Golubria      Tloc           N/A          77%         4    None
 Shadow Creatures         Summ           N/A          78%         6    #####..
 Agony                    Necr           ###.....     98%         5    ##.....
 Ignition                 Fire           ######....   99%         8    #######
 Darkness                 Hex            ###.......   100%        6    #####..
 Shatter                  Erth           #####.....   100%        9    #######
 Tornado                  Air            ######....   100%        9    #######


Dungeon Overview and Level Annotations

Branches:
Dungeon (15/15)            Temple (1/1) D:6            Lair (6/6) D:9
 Shoals (2/4) Lair:4        Snake (4/4) Lair:3        Slime (0/5) Lair:6
    Orc (2/2) D:11            Elf (0/3) Orc:2        Vaults (0/5) D:14
 Depths (0/5) D:15

Altars:
Ashenzari
Cheibriados
Dithmenos
Elyvilon
Fedhas
Gozag
Hepliaklqana
Kikubaaqudgha
Makhleb
Nemelex Xobeh
Okawaru
Qazlal
Ru
Sif Muna
Trog
Uskayaw
Vehumet
Wu Jian
Xom
Yredelemnul
Zin
The Shining One
Beogh

Shops:
D:4 %   D:7 =   D:13 }   Orc:2 [([?}   Snake:1 :%[(}

Annotations:
Lair:4 2 runed translucent doors, Libuhoy's ghost, journeyman DEFE
Lair:6 exclusion: 4 oklob plants
Shoals:2 2 runed translucent doors


Innate Abilities, Weirdness & Mutations

You have hoof-like feet.
You are completely covered in molten scales. (AC +4, rF+)
A powerful demonic guardian rushes to your aid.
You regenerate health from kills.
You are robust. (+10% HP)
Your skin changes colour to match your surroundings (Stealth+).
You have supernaturally acute eyesight. (SInv)
You are somewhat resistant to further mutation.
You are weak. (Str -2)


Message History

Aiming: Throw Flame
Press: ? - help, Shift-Dir - straight line, f - water elemental
Aim: a water elemental (moderately damaged)
The puff of flame hits the water elemental!
The water elemental is burned terribly!
The water elemental is heavily damaged.
* * * LOW HITPOINT WARNING * * *
Your lungs strain for air!
The water elemental closely misses you.
You slash the water elemental!
The water elemental is severely damaged.
* * * LOW HITPOINT WARNING * * *
Your lungs strain for air!
The water elemental closely misses you.
You hit the water elemental.
The water elemental is almost destroyed.
* * * LOW HITPOINT WARNING * * *
Your lungs strain for air!
The water elemental hits you!
You die...

≈≈≈≈≈,,≈≈≈≈≈,**....≈≈≈≈≈≈≈≈≈≈≈≈≈≈
≈≈≈≈,,,,≈≈≈≈,**#...≈≈≈≈≈≈≈≈≈≈≈≈,,
≈≈≈≈,,,,≈≈≈,,* #...≈≈≈..≈≈≈≈≈≈≈,,
≈≈≈,**,≈≈≈,,,* #...≈≈....≈≈≈≈≈≈,>
≈≈≈,*,≈≈≈,,,,* #...≈≈.#*,≈≈≈≈≈≈,*
≈≈≈,,,≈≈≈,,,,* ##..≈≈≈###≈≈≈≈≈≈≈*
≈≈,,≈≈≈≈,,,,,* ##...≈≈≈≈≈≈≈≈≈≈≈≈,
,,,≈≈,,,,,,,,###.....≈≈≈≈≈≈≈≈≈≈≈,
**,,≈≈≈,,,,**#..@E...≈≈≈≈≈≈≈≈≈≈≈,
**,≈≈,,,*** #.......≈≈≈≈≈≈≈≈≈≈,,
**,,≈≈,,** #..##..≈≈..≈≈≈≈≈≈,,*
,,≈≈≈≈≈,* ###*,..≈≈≈..,,,,≈,,*
,≈≈≈≈≈≈,** *,,≈≈≈≈≈≈≈,,,,,,,*
≈≈≈≈≈≈≈,,* **,..≈..≈≈,,,,,,,,
≈≈≈≈≈≈≈<,*** *,.......,,,,,,,,
≈≈≈≈≈≈≈≈,,,******,,,....,,,,,,,,,
≈≈≈≈≈≈≈≈≈≈≈,,,**,,,,,,,,,,,,,,,,,


You could see a water elemental.

Vanquished Creatures
  10 nagarajas (Snake:4)
  Snorg (Lair:5)
  A merfolk javelineer (Shoals:1)
  A fire dragon (D:15)
  4 hydras
  22 naga warriors
  Harold (Orc:1)
  6 anacondas
  2 merfolk aquamancers (Shoals:2)
  A catoblepas (Lair:5)
  2 centaur warriors
  3 two-headed ogres
  2 death yaks (Lair:5)
  8 naga sharpshooters
  An orc high priest (Orc:2)
  4 shock serpents
  An unseen horror (D:13)
  A salamander mystic (Snake:3)
  9 sea snakes
  9 naga ritualists
  4 orc sorcerers
  A faun (Shoals:1)
  4 mana vipers
  6 manticores
  3 orc knights
  2 deep elf magi
  A harpy (Shoals:2)
  15 ugly things
  A cyclops (D:13)
  2 salamanders
  2 merfolk sirens
  3 elephants
  26 black mambas
  3 centaur zombies
  Maurice (D:13)
  15 naga magi
  5 guardian serpents
  12 spiny frogs
  A water nymph (Shoals:1)
  Psyche (D:8)
  3 rime drakes
  11 komodo dragons
  Maggie (D:7)
  3 meliai (D:15)
  2 trolls
  3 polar bears
  15 merfolk
  6 hornets
  3 blink frogs (Lair:2)
  2 wind drakes
  Grinder (D:5)
  A meliai zombie (D:14)
  6 slime creatures (D:14)
  5 dream sheep
  15 hippogriffs
  4 snapping turtles (Shoals:1)
  2 vampires
  14 spriggans
  2 shadows (D:11)
  2 water elementals (Shoals:1)
  A wyvern (D:10)
  31 yaks
  5 basilisks
  A hungry ghost (D:12)
  A vampire mosquito (D:13)
  13 wargs
  Menkaure (D:7)
  75 nagas
  14 water moccasins
  8 porcupines
  33 orc warriors
  2 ice beasts
  5 black bears
  3 necrophages
  3 phantoms
  8 sky beasts
  4 boggarts (Lair:6)
  An eye of draining (D:11)
  9 ogres
  23 wolves
  7 centaurs
  17 crocodiles
  2 big kobolds
  15 bullfrogs
  A water moccasin zombie (D:10)
  3 scorpions
  2 wyvern skeletons (D:9)
  13 killer bees
  4 wights (D:10)
  A howler monkey (D:8)
  4 electric eels
  7 crimson imps
  A quasit (D:11)
  A gnoll shaman (Orc:2)
  A bullfrog zombie (D:9)
  5 hounds
  9 jellies
  29 orc wizards
  21 orc priests
  3 centaur skeletons
  2 bullfrog skeletons
  3 iguanas
  Natasha (twice) (D:4)
  13 worker ants
  2 polar bear simulacra (Lair:2)
  4 wolf simulacra (Lair:2)
  A killer bee zombie (D:7)
  A hound zombie (D:8)
  A hound skeleton (D:5)
  2 worker ant zombies (D:10)
  Robin (D:4)
  3 gnolls (Orc:2)
  17 adders
  A shadow imp (D:6)
  3 oozes (Lair:6)
  An adder skeleton (D:4)
  3 adder zombies
  3 dart slugs
  4 leopard geckos
  131 orcs
  9 bats
  5 giant cockroaches
  2 gnoll zombies (D:4)
  7 hobgoblins
  23 jackals
  5 quokkas
  3 ball pythons
  2 frilled lizards
  12 goblins
  23 kobolds
  2 quokka skeletons
  4 rats
  4 river rat simulacra (Lair:2)
  2 butterflies (D:2)
  A plant (Lair:1)
987 creatures vanquished.

Vanquished Creatures (collateral kills)
  Nikola (Snake:4)
  6 nagarajas (Snake:4)
  An orc warlord (Orc:2)
  An ice dragon (D:15)
  2 naga warriors (Snake:4)
  A merfolk aquamancer (Shoals:2)
  4 two-headed ogres
  3 hydras
  A centaur warrior (D:12)
  An ogre mage (D:15)
  3 anacondas
  2 dancing weapons (D:14)
  3 naga sharpshooters
  A shock serpent (Snake:3)
  4 harpies (Shoals:2)
  4 naga ritualists
  A necromancer (Lair:2)
  5 mana vipers
  A deep elf mage (D:12)
  3 ugly things (D:15)
  An elephant (Lair:5)
  Joseph (D:7)
  3 black mambas
  2 naga magi
  3 spiny frogs
  A rime drake (Lair:6)
  2 komodo dragons
  2 trolls
  A hornet (Lair:6)
  3 dream sheep (Lair:5)
  A hippogriff (D:9)
  15 yaks
  3 spriggans (Lair:6)
  A wyvern (D:15)
  2 basilisks
  A vampire mosquito (D:13)
  12 nagas
  5 wargs (D:14)
  Edmund (D:4)
  An acid dragon (D:12)
  3 water moccasins
  3 porcupines
  2 sky beasts
  2 black bears (D:6)
  An orc warrior (D:6)
  A wolf (Lair:6)
  2 crocodiles
  4 centaurs
  A bullfrog (D:6)
  2 scorpions
  A killer bee (D:7)
  A howler monkey (D:3)
  A wolf simulacrum (Lair:2)
  An adder (Lair:1)
  An ooze (D:6)
  A quokka (D:3)
  3 plants
139 creatures vanquished.

Vanquished Creatures (others)
  A scorpion (D:10)
  9 fungi
  11 plants
21 creatures vanquished.

Grand Total: 1147 creatures vanquished

Notes
Turn   | Place    | Note
-------+----------+-------------------------------------------
     0 | D:1      | Esekla the Demonspawn Wanderer began the quest for the Orb.
     0 | D:1      | Esekla set off with the following items: a +0 short sword,
                  | a +0 robe, a +0 dagger, a ration; and the following spell
                  | memorised: Freeze; and the following spells available to
                  | memorise: Frozen Ramparts, Poisonous Vapours, Swiftness,
                  | Ozocubu's Armour, Hailstorm, Summon Ice Beast
     0 | D:1      | Reached XP level 1. HP: 16/16 MP: 1/1
   304 | D:1      | Gained mutation: You are partially covered in molten
                  | scales. (AC +2) [demonic ancestry]
   304 | D:1      | Reached XP level 2. HP: 22/22 MP: 2/2
  1022 | D:2      | Reached XP level 3. HP: 28/28 MP: 4/4
  1034 | D:2      | Reached skill level 1 in Spellcasting
  1068 | D:1      | Learned a level 3 spell: Frozen Ramparts
  1196 | D:2      | Found a shimmering altar of Xom.
  1332 | D:2      | Reached XP level 4. HP: 34/34 MP: 1/5
  1388 | D:2      | Found a glowing silver altar of Zin.
  2364 | D:3      | Gained mutation: A weak demonic guardian rushes to your
                  | aid. [demonic ancestry]
  2364 | D:3      | Reached XP level 5. HP: 39/39 MP: 3/7
  2488 | D:3      | Reached skill level 2 in Spellcasting
  2512 | D:3      | Learned a level 2 spell: Poisonous Vapours
  2546 | D:3      | Learned a level 2 spell: Swiftness
  3275 | D:4      | Noticed Edmund
  3438 | D:4      | Killed Edmund
  3438 | D:4      | Reached skill level 1 in Armour
  3438 | D:4      | Gained mutation: You are mostly covered in molten scales.
                  | (AC +3) [demonic ancestry]
  3438 | D:4      | Reached XP level 6. HP: 27/46 MP: 4/9
  3529 | D:4      | Found Ysehao's Food Boutique.
  3604 | D:4      | Noticed Natasha
  3610 | D:4      | Killed Natasha
  3610 | D:4      | Reached skill level 1 in Air Magic
  3803 | D:4      | Found a hazy altar of Hepliaklqana.
  3803 | D:4      | Noticed Natasha
  3810 | D:4      | Killed Natasha
  3810 | D:4      | Reached skill level 1 in Poison Magic
  3930 | D:4      | Reached skill level 1 in Charms
  3986 | D:4      | Noticed Robin
  3993 | D:4      | Killed Robin
  4039 | D:4      | Found a basalt altar of Yredelemnul.
  4118 | D:5      | Entered Level 5 of the Dungeon
  4124 | D:5      | Found a white marble altar of Elyvilon.
  4161 | D:5      | Reached XP level 7. HP: 51/51 MP: 7/11
  4166 | D:5      | Learned a level 3 spell: Ozocubu's Armour
  4244 | D:5      | Found a radiant altar of Vehumet.
  4322 | D:5      | Noticed Grinder
  4503 | D:5      | Reached skill level 3 in Spellcasting
  4695 | D:5      | Became a worshipper of Vehumet
  4811 | D:5      | Paralysed by Grinder for 4 turns
  4818 | D:5      | Paralysed by Grinder for 4 turns
  4831 | D:5      | Killed Grinder
  4873 | D:6      | Found a staircase to the Ecumenical Temple.
  4923 | Temple   | Entered the Ecumenical Temple
  5056 | D:6      | Reached XP level 8. HP: 35/57 MP: 4/13
  5167 | D:6      | Reached skill level 4 in Spellcasting
  5522 | D:6      | Found a shimmering blue altar of Sif Muna.
  5636 | D:6      | Reached * piety under Vehumet
  5636 | D:6      | Offered knowledge of Sandblast by Vehumet.
  5658 | D:6      | Learned a level 4 spell: Summon Lightning Spire
  5778 | D:6      | Noticed a hippogriff
  5802 | D:6      | Killed a hippogriff
  5994 | D:7      | Reached skill level 5 in Ice Magic
  5997 | D:7      | Reached skill level 1 in Summonings
  6104 | D:7      | Noticed Joseph
  6307 | D:7      | Gained mutation: A demonic guardian rushes to your aid.
                  | [demonic ancestry]
  6307 | D:7      | Reached XP level 9. HP: 57/62 MP: 13/16
  6359 | D:7      | Reached skill level 5 in Spellcasting
  6518 | D:7      | Found Malyer's Jewellery Boutique.
  6575 | D:7      | Killed Joseph
  6677 | D:7      | Noticed Maggie
  6818 | D:7      | Killed Maggie
  7036 | D:7      | Reached ** piety under Vehumet
  7036 | D:7      | Offered knowledge of Searing Ray by Vehumet.
  7050 | D:7      | Learned a level 2 spell: Searing Ray
  7327 | D:7      | Noticed Menkaure
  7334 | D:7      | Reached skill level 6 in Spellcasting
  7365 | D:7      | Killed Menkaure
  7877 | D:8      | Noticed Psyche
  7883 | D:8      | Killed Psyche
  7883 | D:8      | Gained mutation: You have large cloven feet. [demonic
                  | ancestry]
  7883 | D:8      | Reached XP level 10. HP: 57/70 MP: 15/19
  7931 | D:8      | Found an ancient bone altar of Kikubaaqudgha.
  8038 | D:8      | Offered knowledge of Static Discharge by Vehumet.
  8187 | D:8      | Reached *** piety under Vehumet
  8332 | D:9      | Found a snail-covered altar of Cheibriados.
  8332 | D:9      | Found a sparkling altar of Nemelex Xobeh.
  8332 | D:9      | Found a shadowy altar of Dithmenos.
  8364 | D:9      | Noticed an elephant
  8485 | D:9      | Reached skill level 7 in Spellcasting
  8515 | D:9      | Found an iron altar of Okawaru.
  8623 | D:9      | Offered knowledge of Ignite Poison by Vehumet.
  8641 | D:9      | Found a staircase to the Lair.
  8650 | D:9      | Killed an elephant
  8654 | D:9      | Reached skill level 1 in Conjurations
  8781 | D:9      | Found a white marble altar of Elyvilon.
  8952 | D:9      | Found a glowing golden altar of the Shining One.
  9153 | D:10     | Entered Level 10 of the Dungeon
  9345 | D:10     | Noticed a deep elf mage
  9358 | D:10     | Killed a deep elf mage
  9358 | D:10     | Reached **** piety under Vehumet
  9518 | D:10     | Noticed a cyclops
  9518 | D:10     | Noticed a white ugly thing
  9518 | D:10     | Noticed a centaur warrior
  9522 | D:10     | Got a jewelled ring mail
  9653 | D:10     | Noticed a manticore
  9657 | D:10     | Noticed a deep elf mage
  9658 | D:10     | Identified the ring "Mice Lilu" {rPois rN+}
  9693 | D:10     | Offered knowledge of Lee's Rapid Deconstruction by Vehumet.
  9721 | D:10     | Noticed a torpor snail
  9721 | D:10     | a snapping turtle changed into a torpor snail
  9738 | D:10     | Learned a level 5 spell: Lee's Rapid Deconstruction
  9981 | D:10     | Reached skill level 5 in Air Magic
 10046 | D:10     | Gained mutation: You regenerate a little health from kills.
                  | [demonic ancestry]
 10046 | D:10     | Reached XP level 11. HP: 67/76 MP: 22/22
 10178 | D:10     | Noticed a spark wasp
 10236 | D:11     | Noticed a red ugly thing
 10281 | D:10     | Killed a red ugly thing
 10464 | D:11     | Noticed a green ugly thing
 10472 | D:11     | Killed a green ugly thing
 10475 | D:11     | Reached skill level 8 in Spellcasting
 10602 | D:11     | Found a staircase to the Orcish Mines.
 10953 | D:11     | Learned a level 4 spell: Sticky Flame
 11038 | D:11     | Reached ***** piety under Vehumet
 11071 | D:11     | Offered knowledge of Olgreb's Toxic Radiance by Vehumet.
 11527 | D:12     | Reached skill level 5 in Charms
 11832 | D:12     | Noticed a two-headed ogre
 11843 | D:12     | Learned a level 4 spell: Olgreb's Toxic Radiance
 11845 | D:12     | Noticed a seven-headed hydra
 11852 | D:12     | Reached skill level 1 in Fire Magic
 11859 | D:12     | Killed a two-headed ogre
 11861 | D:12     | Killed a seven-headed hydra
 11943 | D:12     | Noticed a centaur warrior
 11951 | D:12     | Killed a centaur warrior
 12159 | D:12     | Noticed a deep elf mage
 12162 | D:12     | Killed a deep elf mage
 12184 | D:12     | Identified the +2 ring mail of the Forsaken Things {rCorr
                  | Stlth+} (You found it on level 10 of the Dungeon)
 12376 | D:13     | Found Inacir's Gadget Shoppe.
 12439 | D:13     | Reached skill level 9 in Spellcasting
 12439 | D:13     | Reached skill level 5 in Summonings
 12455 | D:13     | Noticed a two-headed ogre
 12465 | D:13     | Killed a two-headed ogre
 12465 | D:13     | Reached XP level 12. HP: 83/83 MP: 9/25
 12618 | D:13     | Reached skill level 5 in Poison Magic
 12701 | D:13     | Noticed Maurice
 12714 | D:13     | Killed Maurice
 13070 | D:13     | Reached skill level 1 in Shields
 13115 | D:13     | Reached skill level 5 in Armour
 13263 | D:13     | Learned a level 2 spell: Swiftness
 13706 | D:7      | Bought the ring of Xiohoed {+Blink AC+4 Stlth+} for 739
                  | gold pieces
 13752 | Lair:1   | Entered Level 1 of the Lair of Beasts
 14347 | Lair:1   | Offered knowledge of Iskenderun's Mystic Blast by Vehumet.
 15277 | Lair:2   | Noticed a six-headed hydra
 15287 | Lair:2   | Killed a six-headed hydra
 15722 | Lair:2   | Got a fine ivory ring
 15724 | Lair:2   | Identified the ring of Fatigue {Str+5 Stlth-} (You found it
                  | on level 2 of the Lair of Beasts)
 15861 | Lair:2   | Gained mutation: You are completely covered in molten
                  | scales. (AC +4, rF+) [demonic ancestry]
 15861 | Lair:2   | Reached XP level 13. HP: 74/88 MP: 7/26
 16695 | Lair:3   | Reached skill level 5 in Conjurations
 16816 | Lair:3   | Found a staircase to the Snake Pit.
 17573 | Lair:3   | Reached skill level 10 in Spellcasting
 18166 | Lair:4   | Found a large runed translucent door.
 18171 | Lair:4   | Found a large runed translucent door.
 18191 | Lair:4   | Noticed Libuhoy's ghost (journeyman DEFE)
 18389 | Lair:4   | Found a staircase to the Shoals.
 18754 | Lair:4   | Got an ichor-stained dagger
 18761 | Lair:4   | Identified the cursed +2 dagger "Buregrab" {drain, MR+}
                  | (You found it on level 4 of the Lair of Beasts)
 19114 | Lair:5   | Noticed Snorg
 19134 | Lair:5   | Killed Snorg
 19483 | Lair:5   | Learned a level 2 spell: Song of Slaying
 19607 | Lair:5   | Reached skill level 1 in Earth Magic
 19769 | Lair:5   | Offered knowledge of Irradiate by Vehumet.
 20143 | Lair:6   | Entered Level 6 of the Lair of Beasts
 21185 | Lair:6   | Found a staircase to the Slime Pits.
 21229 | Lair:6   | Gained mutation: You are robust. (+10% HP) [demonic
                  | ancestry]
 21229 | Lair:6   | Reached XP level 14. HP: 86/105 MP: 24/28
 21252 | Lair:6   | Reached skill level 5 in Short Blades
 21694 | Lair:6   | Got a crude lead ring
 21702 | Lair:6   | Identified the ring "Nuukh" {+Blink rPois rC+ Int+3} (You
                  | found it on level 6 of the Lair of Beasts)
 21826 | Lair:6   | Offered knowledge of Freezing Cloud by Vehumet.
 22090 | Lair:6   | Reached skill level 11 in Spellcasting
 22407 | D:13     | Bought a wand of digging (6) for 300 gold pieces
 22573 | D:8      | Upgraded the game from 0.26-a0-27-g1f0226971c to
                  | 0.26-a0-30-g56b8cd3df0
 22649 | D:10     | Noticed a quicksilver dragon
 22649 | D:10     | a dire elephant changed into a quicksilver dragon
 22936 | D:14     | Learned a level 6 spell: Freezing Cloud
 23051 | D:14     | Reached skill level 5 in Shields
 23062 | D:14     | Reached skill level 5 in Stealth
 23376 | D:14     | Found a gate to the Vaults.
 23473 | D:14     | Reached skill level 1 in Long Blades
 23944 | D:14     | Reached skill level 5 in Fire Magic
 24374 | D:14     | Gained mutation: You are agile. (Dex +2) [potion of
                  | mutation]
 24374 | D:14     | Gained mutation: Scrolls take you a little longer to read.
                  | [potion of mutation]
 24374 | D:14     | Gained mutation: You possess an exceptional clarity of
                  | mind. [potion of mutation]
 24375 | D:14     | Lost mutation: You possess an exceptional clarity of mind.
                  | [potion of mutation]
 24375 | D:14     | Lost mutation: Scrolls take you a little longer to read.
                  | [potion of mutation]
 24375 | D:14     | Lost mutation: You are agile. (Dex +2) [potion of mutation]
 24375 | D:14     | Gained mutation: You have supernaturally acute eyesight.
                  | (SInv) [potion of mutation]
 24375 | D:14     | Gained mutation: Your skin changes colour to match your
                  | surroundings (Stealth+). [potion of mutation]
 24375 | D:14     | Gained mutation: You are weak. (Str -2) [potion of
                  | mutation]
 24375 | D:14     | Gained mutation: You are somewhat resistant to further
                  | mutation. [potion of mutation]
 24377 | D:15     | Entered Level 15 of the Dungeon
 25764 | D:15     | Gained mutation: You regenerate health from kills. [demonic
                  | ancestry]
 25764 | D:15     | Reached XP level 15. HP: 24/111 MP: 5/30
 25849 | D:15     | Found a staircase to the Depths.
 25872 | D:15     | Learned a level 2 spell: Swiftness
 26004 | Orc:1    | Entered Level 1 of the Orcish Mines
 26017 | Orc:1    | Reached ****** piety under Vehumet
 26019 | Orc:1    | Offered knowledge of Conjure Ball Lightning by Vehumet.
 26319 | Orc:2    | Entered Level 2 of the Orcish Mines
 26440 | Orc:2    | Found Ylegrizao's Gadget Shop.
 26472 | Orc:2    | Found a roughly hewn altar of Beogh.
 26547 | Orc:2    | Found a roughly hewn altar of Beogh.
 26588 | Orc:2    | Found Ykay's Magic Scroll Shop.
 26818 | Orc:2    | Found a roughly hewn altar of Beogh.
 26913 | Orc:2    | Found a staircase to the Elven Halls.
 26934 | Orc:2    | Found a roughly hewn altar of Beogh.
 27114 | Orc:2    | Found a roughly hewn altar of Beogh.
 27157 | Orc:2    | Found a roughly hewn altar of Beogh.
 27158 | Orc:2    | Found Lieboi Vafe's Armour Emporium.
 27425 | Orc:2    | Found a roughly hewn altar of Beogh.
 27533 | Orc:2    | Noticed an orc warlord
 27548 | Orc:2    | Killed an orc warlord
 27559 | Orc:2    | Reached skill level 5 in Dodging
 27572 | Orc:2    | Offered knowledge of Bolt of Magma by Vehumet.
 27605 | Orc:2    | Found Peydurr's Antique Armour Shop.
 27607 | Orc:2    | Found Sorramma's Antique Weapon Boutique.
 27607 | Orc:2    | Found a roughly hewn altar of Beogh.
 27894 | Orc:1    | Noticed Harold
 27960 | Orc:1    | Killed Harold
 28092 | D:10     | Noticed an azure jelly
 28189 | Snake:1  | Entered Level 1 of the Snake Pit
 28364 | Orc:2    | Bought an ancient falchion for 296 gold pieces
 28366 | Orc:2    | Identified the +8 falchion "Blob" {antimagic, Str+6 Dex+3}
                  | (You bought it in a shop on level 2 of the Orcish Mines)
 28373 | Orc:2    | Bought a warped leather armour for 238 gold pieces
 28373 | Orc:2    | Bought a scorched leather armour for 238 gold pieces
 28373 | Orc:2    | Identified the cursed +1 leather armour of Noon {-Tele
                  | rPois MR+ Dex+4 Slay+3} (You bought it in a shop on level 2
                  | of the Orcish Mines)
 28374 | Orc:2    | Identified the +0 leather armour of the Sky {rPois MR++
                  | Str+6} (You bought it in a shop on level 2 of the Orcish
                  | Mines)
 28448 | D:10     | an azure jelly changed into a death yak
 28585 | Snake:1  | Reached skill level 12 in Spellcasting
 28795 | Snake:1  | Found Kaqamyka's Book Shop.
 28796 | Snake:1  | Found Esosiak's Food Emporium.
 28976 | Snake:1  | Found Xyrchie's Armour Shop.
 28984 | Snake:1  | Bought a +1 pair of gloves for 184 gold pieces
 28984 | Snake:1  | Bought a scarf of repulsion for 192 gold pieces
 29273 | Snake:1  | Found Poyha's Gadget Shop.
 29321 | Snake:1  | Reached skill level 5 in Fighting
 29579 | Snake:1  | Found Matha's Weapon Emporium.
 29894 | Snake:1  | Reached skill level 5 in Earth Magic
 30092 | Snake:2  | Offered knowledge of Starburst by Vehumet.
 31063 | Snake:3  | Gained mutation: You have hoof-like feet. [demonic
                  | ancestry]
 31063 | Snake:3  | Reached XP level 16. HP: 78/119 MP: 32/32
 31740 | Snake:4  | Entered Level 4 of the Snake Pit
 32052 | Snake:4  | Reached skill level 1 in Axes
 32055 | Snake:4  | Noticed Nikola
 32541 | Snake:4  | Offered knowledge of Fire Storm by Vehumet.
 32541 | Snake:4  | Offered knowledge of Chain Lightning by Vehumet.
 32541 | Snake:4  | Offered knowledge of Absolute Zero by Vehumet.
 32571 | Snake:4  | Killed Nikola
 32898 | Snake:4  | Reached skill level 13 in Spellcasting
 34341 | Snake:4  | Gained mutation: A powerful demonic guardian rushes to your
                  | aid. [demonic ancestry]
 34341 | Snake:4  | Reached XP level 17. HP: 95/128 MP: 22/34
 34366 | Snake:4  | Reached skill level 5 in Long Blades
 34686 | Snake:4  | Got a serpentine rune of Zot
 34927 | Shoals:1 | Entered Level 1 of the Shoals
 35355 | Shoals:1 | HP: 6/128 [merfolk/boomerang (12)]
 36302 | Shoals:1 | Noticed a kraken
 37026 | Shoals:2 | Found a runed translucent gate.
 37027 | Shoals:2 | Found a runed translucent gate.
 37244 | Shoals:2 | Learned a level 4 spell: Airstrike
 37253 | Shoals:2 | You fall into a shaft and drop 1 floor!
 37276 | Shoals:3 | HP: 3/128 [drowned by a water elemental (11)]
 37276 | Shoals:3 | Slain by a water elemental

Illustrated notes

Levels and vault maps discovered:
D:1:      psy_arrival_basics, layout_basic
D:2:      minmay_diamond_boxcup, layout_basic, xom_butterflies,
          nicolae_overflow_hidden_temple
D:3:      layout_basic, first_ration
D:4:      layout_basic, lemuel_zombie_altar_yredelemnul,
          overflow_temple_1_default, serial_shops, shop, uniq_natasha,
          uniq_robin, uniq_edmund
D:5:      layout_cave_pools, kennysheep_little_box, elyvilon_altar_4,
          uniq_grinder
D:6:      layout_gridville, led_sif_pool, minmay_temple_entry_sparse_star
D:7:      layout_gridville, serial_shops, shop, minivault_22, uniq_maggie,
          uniq_joseph, uniq_menkaure
D:8:      layout_rooms, lemuel_coloured_pillars_altar, due_unseen_surprise,
          uniq_psyche
D:9:      layout_irregular_city, lemuel_round_altar, lemuel_round_altar,
          gammafunk_temple_overflow_claw, lemuel_round_altar, david_lair_generic
D:10:     layout_irregular_city, hangedman_stone_soup, minivault_12
D:11:     layout_basic, orc_0_dummy
D:12:     layout_basic, hangedman_corner_corridor
D:13:     layout_stronghold, serial_shops, nicolae_shop_trees, uniq_maurice
D:14:     lemuel_castle_with_subvaults [lemuel_castle_interior_carwin_3],
          layout_irregular_city, erik_vaults_1, grunt_decor_mini_mirrors
D:15:     grunt_enter_depths_hoard, layout_basic, serial_co_window_serial,
          co_window_corner_a, co_window_cross_1, co_window_paths_a,
          co_window_paths_a, co_window_cross_1, co_window_corner_a,
          co_window_paths_a, co_window_corner_cb, co_window_broadway_c,
          co_window_cross_4, co_window_sun, minmay_crystal_water
Temple:   jpeg_temple_island
Lair:1:   minmay_lair_venomous_thicket, layout_layer_cave
Lair:2:   layout_gridlike, serial_bayou, serial_bayou_lagoon_a,
          serial_bayou_crossing, serial_bayou_shore_a, serial_bayou_pond_e,
          eino_house_with_fridge
Lair:3:   layout_regular_city, minmay_snake_entry_guardpost_small,
          beast_lair_carwin_6
Lair:4:   layout_cave_shapes, elwin_shoals_entry_rocks,
          ebering_ghost_disaster_area, small_statue_intersection,
          chequers_serial_rivers_room_a
Lair:5:   beast_lair_carwin_large_2, layout_cave_shapes, wad_woods_02,
          uniq_snorg
Lair:6:   minmay_lair_end_enchanted_forest, layout_long_grid,
          nicolae_slime_entry_slimehenge, minmay_lair_oklob_chamber
Shoals:1: layout_shoals
Shoals:2: cheibrodos_shoals_three_sisters, layout_shoals, ebering_ghost_gozag,
          nicolae_shoals_seven_spires
Shoals:3: layout_shoals, portal_ice_cave_entry_dragon
Snake:1:  layout_grid_maze, serial_shops, nicolae_shop_crystal, shop_fountains,
          shop, shop, nicolae_shop_competitors_out_of_business, st_stairs_6
Snake:2:  layout_gridlike
Snake:3:  layout_cave_town
Snake:4:  grunt_snake_rune_spirals, layout_onion, uniq_nikola
Orc:1:    layout_caves, uniq_harold
Orc:2:    grunt_orc_community_town_hall, layout_caves,
          grunt_orc_community_big_house_1, grunt_orc_community_big_house_1,
          grunt_orc_community_house_2, grunt_orc_community_house_3,
          grunt_orc_community_house_2, grunt_orc_community_house_1,
          grunt_orc_community_house_1, grunt_orc_community_house_2,
          serial_shops, shop, minmay_orc_temple_a

Skill      XL: |  1  2  3  4  5  6  7  8  9 10 11 12 13 14 15 16 17 |
---------------+----------------------------------------------------+-----
Stealth        | 2 3 4 5 |  5.5
Spellcasting   | 1 2 3 4 6 7 9 10 11 12 13 | 13.7
Ice Magic      | 3 4 5 6 7 8 9 |  9.4
Short Blades   | 2 3 4 5 |  5.1
Armour         | 1 2 3 4 5 6 |  6.2
Dodging        | 2 3 4 5 6 |  6.0
Air Magic      | 1 2 3 5 6 7 8 9 |  9.2
Poison Magic   | 1 2 3 4 5 |  5.5
Charms         | 1 2 3 4 5 6 |  6.8
Summonings     | 1 3 5 6 |  6.6
Fighting       | 3 4 5 6 |  6.1
Conjurations   | 2 3 4 5 6 7 8 9 |  9.4
Fire Magic     | 1 2 3 5 6 7 8 |  8.2
Shields        | 2 4 5 6 7 |  7.2
Evocations     | 2 4 |  4.9
Earth Magic    | 1 4 5 |  5.6
Long Blades    | 1 3 4 6 |  6.3
Axes           | 3 |  3.0

Action                   |  1- 3 |  4- 6 |  7- 9 | 10-12 | 13-15 | 16-18 || total
-------------------------+-------+-------+-------+-------+-------+-------++-------
Melee: Short sword       |   101 |   181 |    30 |       |       |       ||   312
       Dagger            |       |       |   179 |   520 |   510 |    23 ||  1232
       Kick              |       |       |       |   107 |       |       ||   107
       Long sword        |       |       |       |     3 |   346 |   493 ||   842
       Rapier            |       |       |       |       |    15 |       ||    15
Throw: Dart              |       |       |       |     3 |    39 |       ||    42
       Boomerang         |       |       |       |       |    18 |    60 ||    78
 Cast: Freeze            |    11 |       |       |       |       |       ||    11
       Frozen Ramparts   |     2 |    19 |    24 |    65 |    98 |    53 ||   261
       Poisonous Vapours |       |     4 |    48 |    59 |    78 |    13 ||   202
       Ozocubu's Armour  |       |       |    12 |    33 |    45 |    14 ||   104
       Swiftness         |       |       |     1 |     1 |       |       ||     2
       Searing Ray       |       |       |       |    13 |    32 |    30 ||    75
       Sticky Flame      |       |       |       |    29 |   166 |   135 ||   330
       Summon Lightning  |       |       |       |     4 |     8 |     6 ||    18
       Olgreb's Toxic Ra |       |       |       |     1 |     9 |       ||    10
       Song of Slaying   |       |       |       |       |    26 |    14 ||    40
       Freezing Cloud    |       |       |       |       |    12 |     1 ||    13
       Lee's Rapid Decon |       |       |       |       |     2 |       ||     2
       Airstrike         |       |       |       |       |       |     2 ||     2
 Abil: Evoke Blink       |       |       |       |       |     2 |     1 ||     3
Evoke: Wand              |       |       |       |       |     6 |     1 ||     7
  Use: Scroll            |       |    10 |     3 |    19 |    15 |     1 ||    48
       Potion            |       |       |       |     2 |     5 |     4 ||    11
 Stab: Sleeping          |     7 |     6 |     3 |    16 |    27 |     3 ||    62
       Distracted        |     1 |     1 |       |     2 |     1 |     2 ||     7
       Petrified         |       |       |       |       |     4 |       ||     4
  Eat: Chunk             |     2 |    12 |    15 |    25 |    38 |    11 ||   103
       Ration            |       |       |       |     1 |     5 |     3 ||     9
Armor: Robe              |    33 |    22 |       |       |       |       ||    55
       Troll leather arm |       |    47 |   113 |   243 |   478 |   236 ||  1117
Dodge: Dodged            |    86 |   109 |   166 |   249 |   579 |   388 ||  1577
       Repelled          |       |       |       |       |    22 |    92 ||   114
Block: Buckler           |       |       |       |    27 |   466 |   339 ||   832
       Kite shield       |       |       |       |       |       |    32 ||    32
       Rpst.: Long sword |       |       |       |     1 |    67 |    63 ||   131

Table legend:
 A = Non-vault XP
 B = Vault XP
 C = Vault XP percentage of total XP
 D = Non-vault monster count
 E = Vault monster count
 F = Vault count percentage of total count
                 A         B        C        D         E       F
            +---------+---------+-------+---------+---------+-------
      Total |  153479 |   99745 |  39.4 |     748 |     372 |  33.2
            +---------+---------+-------+---------+---------+-------
        D:1 |      39 |       0 |   0.0 |      22 |       0 |   0.0
        D:2 |      29 |      54 |  65.1 |      20 |       5 |  20.0
        D:3 |     144 |       0 |   0.0 |      30 |       0 |   0.0
        D:4 |     260 |     193 |  42.6 |      11 |      11 |  50.0
        D:5 |     352 |     200 |  36.2 |      16 |       1 |   5.9
        D:6 |    1101 |       0 |   0.0 |      24 |       0 |   0.0
        D:7 |    1625 |     816 |  33.4 |      37 |       3 |   7.5
        D:8 |    1088 |     395 |  26.6 |      32 |       1 |   3.0
        D:9 |    1413 |     762 |  35.0 |      26 |       4 |  13.3
       D:10 |    2692 |     816 |  23.3 |      29 |       4 |  12.1
       D:11 |    3653 |       0 |   0.0 |      31 |       0 |   0.0
       D:12 |    2274 |    2932 |  56.3 |      19 |       6 |  24.0
       D:13 |    4296 |     462 |   9.7 |      22 |       1 |   4.3
       D:14 |    6788 |    5345 |  44.1 |      34 |      53 |  60.9
       D:15 |   15535 |    1913 |  11.0 |      33 |       2 |   5.7
     Lair:1 |    5689 |    1147 |  16.8 |      26 |      12 |  31.6
     Lair:2 |    6544 |     695 |   9.6 |      33 |      12 |  26.7
     Lair:3 |    5857 |    1324 |  18.4 |      23 |       7 |  23.3
     Lair:4 |    1689 |       0 |   0.0 |       8 |       0 |   0.0
     Lair:5 |    5265 |    4881 |  48.1 |      21 |      11 |  34.4
     Lair:6 |    5562 |    9683 |  63.5 |      22 |      60 |  73.2
   Shoals:1 |   10285 |       0 |   0.0 |      27 |       0 |   0.0
   Shoals:2 |    6505 |    6112 |  48.4 |      14 |       8 |  36.4
   Shoals:3 |     471 |       0 |   0.0 |       1 |       0 |   0.0
    Snake:1 |   15957 |    1115 |   6.5 |      41 |       2 |   4.7
    Snake:2 |   12758 |       0 |   0.0 |      27 |       0 |   0.0
    Snake:3 |   18942 |       0 |   0.0 |      37 |       0 |   0.0
    Snake:4 |   11602 |   53602 |  82.2 |      26 |      88 |  77.2
      Orc:1 |    1531 |     955 |  38.4 |      21 |       1 |   4.5
      Orc:2 |    3533 |    6343 |  64.2 |      35 |      80 |  69.6
            +---------+---------+-------+---------+---------+-------
